 Dungeon Crawl Stone Soup version 0.32-a0-675-gdc239d62e1 (webtiles) character file.

Game seed: 3678954236378672958

5850 tilp the Covert (level 10, 0/79 HPs)
             Began as a Vampire Enchanter on Mar 11, 2024.
             Was a Follower of Wu Jian.
             Slain by an orc knight
             ... wielding a +0 halberd
              (15 damage)
             ... in a bailey.
             The game lasted 00:16:41 (10049 turns).

tilp the Covert (Vampire Enchanter)                Turns: 10049, Time: 00:16:42

Health: 0/79       AC:  6    Str:  7    XL:     10   Next: 51%
Magic:  6/17       EV: 18    Int: 23    God:    Wu Jian [*.....]
Gold:   395        SH:  5    Dex: 14    Spells: 8/19 levels left

rFire   . . .        a - +3 dagger (flame)
rCold   . . .        B - +1 buckler {AC+3}
rNeg    . . .        o - +0 robe
rPois   .            l - +0 helmet
rElec   .            (no cloak)
rCorr   .            (no gloves)
SInv    +            (no boots)
Will    +....        (no amulet)
Stlth   ++++         f - ring of wizardry
HPRegen 0.53/turn    t - +5 ring of evasion
MPRegen 0.15/turn

%: wizardry (x1)
@: healing quickly
A: alive, fangs 3, see invisible, vampiric 2
a: Exsanguinate, Renounce Religion


You were in a bailey.
You worshipped Wu Jian.
Wu Jian was aware of your devotion.
You visited 2 branches of the dungeon, and saw 9 of its levels.
You also visited: Ossuary and Bailey.

You collected 395 gold pieces.

Inventory:

Hand Weapons
 a - a +3 dagger of flaming (weapon)
 b - a +0 scimitar
 q - a +1 dagger of speed
Missiles
 d - 6 javelins
 h - 14 poisoned darts
 i - 6 curare-tipped darts {!f}
 k - 6 boomerangs (quivered)
 x - a throwing net {!f}
Armour
 l - a +0 helmet (worn)
 n - a +1 ring mail of willpower
 o - a +0 robe (worn)
 y - a +0 kite shield
 B - a +1 buckler of protection (worn)
 D - a +3 ring mail of fire resistance
Jewellery
 f - a ring of wizardry (left hand)
 t - a +5 ring of evasion (right hand)
 z - a ring of willpower
Wands
 r - a wand of polymorph (13)
Scrolls
 u - 4 scrolls of teleportation
Potions
 c - 4 potions of invisibility
 e - 2 potions of heal wounds
 g - a potion of resistance
 j - a potion of brilliance
 m - a potion of mutation {unknown}
 p - a potion of berserk rage {unknown}
 s - 2 potions of attraction
 v - 2 potions of enlightenment
 w - 2 potions of cancellation
 A - 2 potions of degeneration {unknown}
 C - a potion of curing {unknown}


   Skills:
 * Level 7.0 Fighting
 - Level 4.2(6.8) Short Blades
 * Level 7.5(8.0) Long Blades
 - Level 6.0 Dodging
 + Level 9.5 Stealth
 + Level 2.1 Shields
 + Level 5.2 Spellcasting
 + Level 8.8 Hexes


You had 8 spell levels left.
You knew the following spells:

 Your Spells              Type           Power      Damage    Failure   Level
a - Ensorcelled Hibernat  Hex/Ice        52%        N/A       1%          2
b - Confusing Touch       Hex            46%        N/A       1%          3
c - Tukima's Dance        Hex            46%        N/A       1%          3
d - Dazzling Flash        Conj/Hex       52%        N/A       3%          3

Your spell library contained the following spells:

 Spells                   Type           Power      Damage    Failure   Level
 Call Imp                 Summ           12%        N/A       9%          2
 Lesser Beckoning         Tloc           12%        N/A       9%          2
 Sublimation of Blood     Necr           6%         N/A       9%          2
 Gell's Gravitas          Tloc           6%         N/A       17%         3
 Teleport Other           Tloc           6%         N/A       17%         3
 Summon Hydra             Summ           3%         N/A       100%        7


Dungeon Overview and Level Annotations

Branches:
Dungeon (8/15)             Temple (1/1) D:7         Ossuary (visited)
 Bailey (1/1)
   Lair: D:8-11

Altars:
Ashenzari
Cheibriados
Dithmenos
Fedhas
Hepliaklqana
Kikubaaqudgha
Makhleb
Okawaru
Qazlal
Ru
Trog
Uskayaw
Vehumet
Wu Jian
Xom
Yredelemnul
Lugonu

Annotations:
D:4 dig vault


Innate Abilities, Weirdness & Mutations

Your natural rate of healing is accelerated.
You have razor-sharp teeth.
You have supernaturally acute eyesight. (SInv)
You are afflicted with vampirism and can become a bat while bloodless.


Message History

The orc knight is heavily wounded.
The orc knight hits you with a +0 halberd!!
You closely miss the orc knight.
The orc knight is heavily wounded.
Casting: Dazzling Flash (dangerous; 3% risk of failure)
Confirm with . or Enter, or press ? or * to list all spells.
Casting: Dazzling Flash (dangerous; 3% risk of failure)
Press: ? - help, Dir - look around, f - activate The orc knight hits you with a +0 halberd.
Unknown command.
Unknown command.
Unknown command.
Casting: Dazzling Flash (dangerous; 3% risk of failure)
Confirm with . or Enter, or press ? or * to list all spells.
Casting: Dazzling Flash (dangerous; 3% risk of failure)
Press: ? - help, Dir - look around, f - activate The orc knight hits you with a +0 halberd!!
* * * LOW HITPOINT WARNING * * *
Unknown command.
Unknown command.
Unknown command.
Casting: Dazzling Flash (dangerous; 3% risk of failure)
Confirm with . or Enter, or press ? or * to list all spells.
Casting: Dazzling Flash (dangerous; 3% risk of failure)
Press: ? - help, Dir - look around, f - activate The orc knight is dazzled.
The orc knight hits you with a +0 halberd!
* * * LOW HITPOINT WARNING * * *
Unknown command.
Unknown command.
Unknown command.
Casting: Dazzling Flash (dangerous; 3% risk of failure)
Confirm with . or Enter, or press ? or * to list all spells.
Aiming: Ensorcelled Hibernation (safe; 1% risk of failure)
Press: ? - help, Shift-Dir - straight line
Okay, then.
You hit the orc knight. You burn the orc knight.
The orc knight is heavily wounded.
The orc knight hits you with a +0 halberd!
You die...

)≈##.∩#≈~~ ~~~~≈#∩.##≈...
[≈≈#.##≈~~ ~~~~≈##)#≈≈...
.)≈≈~≈≈≈~~ #########~~~≈≈≈)≈≈~...
)~[~~~~~~~##~~~~~~~##~~~~~~~~~...
.~~~~~~~~##~~#'#'#~~##~~~~~~~~...
.~~~~~~~~#~~##.#)##~~#~~~~~~~~...
.~~~~~~~##~#########~##~~~~~~~...
.~~~~~~~##~')#))?#.'~##~~~~~~~...
.~~~~~~~##~###)ß@###~##~~~~~~~...
.~~~~~~~##~')#.)o#)'~##~~~~~~~...
.~~~~~~~##~####'####~##~~~~~~~...
.~~~~~~~~#~~##∩)∩##~~##~~~~~~~...
.~~~~~~~~##~~#'''##~~~~~~~~~~~...
.~~[~~~~~~##~~~~~##~~~~~~~~~~~...
.~≈≈~≈≈≈~~~##~~~~##~~~~≈≈≈~≈≈~...
.≈≈#[##≈~~~~#######~~~~≈##.#≈≈...
.≈##.∩#≈~~~~~~~~~~~~~~~≈#∩.##≈...


You could see an orc knight (blind, unable to see you).

Vanquished Creatures
  A two-headed ogre (D:8)
  Pikel (D:4)
  An orc knight (Bailey)
  2 steam dragons
  Edmund (D:4)
  3 water moccasins
  Duvessa (D:4)
  4 sky beasts
  6 orc warriors
  4 ice beasts
  A black bear (D:5)
  2 ogres (D:6)
  A phantom (D:4)
  A kobold brigand (D:8)
  4 scorpions
  2 gnoll sergeants
  Dowan (D:4)
  2 centaur zombies (Ossuary)
  2 bombardier beetles
  2 hounds
  5 human zombies (Ossuary)
  A jelly (D:7)
  2 orc priests (D:8)
  A gnoll bouda (D:5)
  A sleepcap (D:5)
  Natasha (thrice) (D:4)
  5 iguanas
  2 orc wizards
  3 hound zombies (Ossuary)
  2 mummies (Ossuary)
  14 gnolls
  6 adders
  5 adder zombies (Ossuary)
  5 ribbon worms
  3 dart slugs
  22 orcs
  8 ball pythons
  6 bats
  9 endoplasms
  3 giant cockroaches
  13 goblins
  10 hobgoblins
  11 jackals
  5 quokkas
  2 frilled lizards (D:1)
  6 gnoll zombies (Ossuary)
  6 jackal zombies (Ossuary)
  11 kobolds
  3 kobold zombies (Ossuary)
  6 orc zombies (Ossuary)
  6 rats
227 creatures vanquished.

Vanquished Creatures (collateral kills)
  2 orc warriors (Bailey)
  5 orcs (Bailey)
7 creatures vanquished.

Vanquished Creatures (others)
  A dancing weapon (Bailey)
  A kobold (D:8)
2 creatures vanquished.

Grand Total: 236 creatures vanquished

Notes
Turn   | Place    | Note
-------+----------+-------------------------------------------
     0 | D:1      | tilp the Vampire Enchanter began the quest for the Orb.
     0 | D:1      | Reached XP level 1. HP: 13/13 MP: 3/3
    84 | D:1      | Reached XP level 2. HP: 5/20 MP: 5/5
    87 | D:1      | Learned a level 2 spell: Ensorcelled Hibernation
   517 | D:1      | Gained mutation: You are afflicted with vampirism and can
                  | become a bat while bloodless. [Vampire growth]
   517 | D:1      | Reached XP level 3. HP: 25/25 MP: 6/6
   523 | D:1      | Learned a level 3 spell: Confusing Touch
   682 | D:1      | Reached skill level 1 in Fighting
   688 | D:1      | Reached skill level 1 in Long Blades
  1240 | D:2      | Reached XP level 4. HP: 32/32 MP: 2/7
  1938 | D:3      | Found a burning altar of Makhleb.
  2195 | D:3      | Noticed a scorpion
  2251 | D:3      | Killed a scorpion
  2252 | D:3      | Reached skill level 5 in Stealth
  2252 | D:3      | Reached XP level 5. HP: 38/38 MP: 3/8
  2258 | D:3      | Learned a level 3 spell: Tukima's Dance
  2508 | D:3      | Reached skill level 5 in Hexes
  2583 | D:3      | Found a shadowy altar of Dithmenos.
  2590 | D:3      | Found a sacrificial altar of Ru.
  2598 | D:3      | Found a basalt altar of Yredelemnul.
  2947 | D:4      | Noticed Pikel
  2953 | D:4      | Noticed a lemure
  2954 | D:4      | Noticed a lemure
  2955 | D:4      | Noticed a lemure
  2955 | D:4      | Noticed a lemure
  2964 | D:4      | Killed Pikel
  2965 | D:4      | Reached XP level 6. HP: 11/47 MP: 4/10
  2965 | D:4      | Reached XP level 7. HP: 13/52 MP: 4/11
  3085 | D:4      | Noticed Edmund
  3091 | D:4      | Killed Edmund
  3092 | D:4      | Reached skill level 6 in Stealth
  3240 | D:4      | Noticed Natasha
  3244 | D:4      | Killed Natasha
  3262 | D:4      | Reached XP level 8. HP: 43/58 MP: 7/12
  3340 | D:4      | Noticed Natasha
  3347 | D:4      | Killed Natasha
  3487 | D:4      | Learned a level 3 spell: Dazzling Flash
  3657 | D:4      | Noticed Natasha
  3666 | D:4      | Killed Natasha
  3926 | D:4      | Noticed Dowan
  3928 | D:4      | Noticed Duvessa
  3945 | D:4      | Killed Dowan
  3973 | D:4      | Killed Duvessa
  4100 | D:5      | Entered Level 5 of the Dungeon
  4301 | D:5      | Reached skill level 7 in Stealth
  4337 | D:5      | Found a sand-covered staircase.
  4378 | D:5      | Reached skill level 5 in Long Blades
  4473 | Ossuary  | Entered an ossuary
  4791 | Ossuary  | Reached XP level 9. HP: 21/67 MP: 14/14
  5372 | D:5      | Found a snail-covered altar of Cheibriados.
  5519 | D:5      | Reached skill level 5 in Fighting
  6010 | D:5      | Reached skill level 5 in Dodging
  6231 | D:6      | Identified a scroll of acquirement
  6231 | D:6      | Acquired a +5 ring of evasion
  6348 | D:6      | Reached skill level 8 in Stealth
  6349 | D:6      | Found a hazy altar of Hepliaklqana.
  6617 | D:6      | Found an ancient bone altar of Kikubaaqudgha.
  6851 | D:6      | Found an ornate altar of the Wu Jian Council.
  7124 | D:7      | Found a radiant altar of Vehumet.
  7143 | D:7      | Found a stormy altar of Qazlal.
  8058 | D:7      | Found a staircase to the Ecumenical Temple.
  8292 | Temple   | Entered the Ecumenical Temple
  8381 | D:6      | Became a worshipper of the Wu Jian Council
  8465 | D:8      | Noticed a two-headed ogre
  8469 | D:8      | Killed a two-headed ogre
  8470 | D:8      | Reached skill level 1 in Shields
  8470 | D:8      | Reached XP level 10. HP: 77/77 MP: 17/17
  8496 | D:8      | Reached skill level 9 in Stealth
  8684 | D:8      | Found a flagged portal.
  8706 | Bailey   | Entered a bailey
  8986 | Bailey   | Reached * piety under Wu Jian
  8988 | Bailey   | Reached skill level 5 in Spellcasting
 10029 | Bailey   | Noticed an orc knight
 10029 | Bailey   | Noticed an orc knight
 10034 | Bailey   | Killed an orc knight
 10049 | Bailey   | Slain by an orc knight

Illustrated notes

Levels and vault maps discovered:
D:1:      shiori_shiawase, layout_basic, serial_glass, glass_columns_a,
          glass_columns_c, glass_columns_a, glass_columns_b, glass_columns_c,
          glass_columns_b, glass_columns_c, glass_columns_b, glass_columns_a,
          glass_columns_a, glass_columns_c, glass_columns_a, glass_columns_c,
          glass_columns_a, grunt_decor_mini_mirrors
D:2:      layout_basic, serial_glass, glass_columns_a, glass_columns_c,
          guppyfry_early_orc_mine
D:3:      minmay_razor_zed, layout_rooms, minmay_overflow_temple_star_quad,
          lemuel_crystal_altar, st_stairs_13
D:4:      layout_gridville, zin_scriptorium, uniq_natasha, uniq_edmund,
          uniq_pikel, uniq_duvessa
D:5:      layout_layer_cave, mainiacjoe_overflow_brackets,
          nicolae_ossuary_entry_monument, nicolae_concentric_dashed_squares_mild
D:6:      layout_loops_ring, mainiacjoe_overflow_small_starburst,
          marbit_many_paths, nicolae_wu_jian_immortal_techniques
D:7:      layout_basic, nicolae_qazlal_scattered_showers,
          mainiacjoe_overflow_alcove_4, minmay_temple_entry_butterflies,
          st_stairs_7
D:8:      minmay_the_grid_octo_tiled_squarecenter
          [minmay_the_grid_octo_tetromino_candy, minmay_the_grid_octo_shrine,
          minmay_the_grid_octo_teeth, minmay_the_grid_octo_77,
          minmay_the_grid_square_5x5_megaprize_diamond,
          minmay_the_grid_square_5x5_inset, minmay_the_grid_square_5x5_lines,
          minmay_the_grid_square_5x5_two_walls_a, minmay_the_grid_square_5x5_c],
          layout_gridville, hellmonk_sif_muna_bookshelves, enter_bailey_4
Temple:   corrupted_temple
Bailey:   bailey_polearm_2, bailey

Skill      XL: |  1  2  3  4  5  6  7  8  9 10 |
---------------+-------------------------------+-----
Fighting       | 1 3 4 6 7 |  7.0
Long Blades    | 1 3 5 6 7 |  7.5
Short Blades   | 2 4 |  4.2
Stealth        | 5 6 7 8 9 |  9.5
Dodging        | 3 4 6 |  6.0
Hexes          | 5 6 7 8 |  8.8
Spellcasting   | 3 4 5 |  5.2
Shields        | 1 2 |  2.1

Action                     |  1- 3 |  4- 6 |  7- 9 | 10-12 || total
---------------------------+-------+-------+-------+-------++-------
  Melee: Dagger            |   149 |   134 |   184 |    70 ||   537
         Bite              |    10 |    11 |    37 |    11 ||    69
         Scimitar          |       |       |   114 |     1 ||   115
  Throw: Javelin           |       |     2 |       |       ||     2
         Boomerang         |       |       |     1 |       ||     1
   Cast: Ensorcelled Hiber |     6 |    15 |    67 |    16 ||   104
         Confusing Touch   |       |     1 |    10 |     1 ||    12
         Dazzling Flash    |       |       |     1 |    10 ||    11
         Tukima's Dance    |       |       |       |     8 ||     8
Ability: Lunge             |       |       |     1 |     5 ||     6
         Whirlwind         |       |       |       |     1 ||     1
    Use: Scroll            |     1 |     3 |    12 |       ||    16
         Potion            |       |       |     2 |       ||     2
   Stab: Sleeping          |    11 |    19 |    59 |    14 ||   103
         Confused          |       |       |     8 |     1 ||     9
         Invisible         |       |       |     8 |     3 ||    11
         Distracted        |       |       |     2 |       ||     2
 Armour: Robe              |    94 |    60 |   163 |    34 ||   351
  Dodge: Dodged            |    94 |    75 |   249 |    88 ||   506
  Block: Buckler           |       |       |     2 |    21 ||    23

Table legend: (Time is in decaauts)
 A = Elapsed time spent in this place.
 B = Non-inter-level travel time spent in this place.
 C = Inter-level travel time spent in this place.
 D = Time resting spent in this place.
 E = Time spent auto-exploring this place.
 F = Levels seen in this place.
 G = Mean time per level.
                   A        B        C        D        E       F      G
               +--------+--------+--------+--------+--------+-----+--------+
         Total |   9995 |   9582 |    413 |   1845 |   5513 |  11 |  908.6 |
       Dungeon |   8046 |   7634 |    412 |    653 |   5352 |   8 | 1005.8 |
        Temple |      1 |      0 |      1 |      0 |      0 |   1 |    1.0 |
       Ossuary |    578 |    578 |      0 |    135 |    128 |   1 |  578.0 |
        Bailey |   1368 |   1368 |      0 |   1057 |     33 |   1 | 1368.0 |
               +--------+--------+--------+--------+--------+-----+--------+

Top non-repeatable levels by time:
     D:5: 1395 daAuts
  Bailey: 1368 daAuts
     D:7: 1257 daAuts
     D:4: 1175 daAuts
     D:6: 1079 daAuts
     D:1: 1005 daAuts
     D:3: 963 daAuts
     D:2: 915 daAuts
 Ossuary: 578 daAuts
     D:8: 253 daAuts
  Temple: 1 daAuts
